Map: Ulrena

Players

LilDicky

  • Race: Terran Terran
  • League: Diamond

Apogee - Winner!

  • Race: Terran Terran
  • League: Diamond

VOD

http://www.twitch.tv/tumescentpie

Description

Time

  • Played on: Dec. 31, 2015, 1:31 a.m.
  • Length: 7:45
Show
View Real Time Build Order
Export as new Build Order

LilDicky Terran 

Build Orders: Mech, Banshee Rush 

Get SALT Encoding   

  12  0:01  SCV  
  13  0:13  SCV  
  14  0:18  Supply Depot  
  14  0:25  SCV  
  15  0:39  SCV  
  16  0:42  Refinery  
  16  0:44  Barracks  
  16  0:53  SCV  
  17  1:16  SCV  
  18  1:28  SCV  
  18  1:32  Supply Depot, Marine  
  20  1:40  Orbital Command  
  20  1:47  Refinery  
  20  1:48  Factory  
  20  1:55  Marine  
  21  2:07  SCV  
  22  2:13  Supply Depot, Marine  
  23  2:19  SCV  
  24  2:31  SCV, Marine  
  24  2:34  Factory Tech Lab  
  24  2:36  Starport  
  26  2:42  Supply Depot  
  26  2:43  SCV  
  27  2:49  Marine  
  28  2:55  SCV  
  32  3:09  Supply Depot  
  29  3:16  SCV  
  29  3:18  Cloaking Field  
  29  3:19  Banshee  
  30  3:24  Engineering Bay  
  33  3:27  Widow Mine  
  33  3:29  SCV  
  33  3:31  Marine  
  37  3:41  SCV  
  38  3:53  SCV  
  38  3:55  Missile Turret  
  39  3:56  Widow Mine  
  39  3:57  Marine  
  39  4:02  Banshee  
  42  4:05  SCV  
  46  4:14  Supply Depot  
  46  4:15  Marine  
  47  4:18  SCV  
  48  4:30  SCV  
  47  4:53  Liberator  
  44  5:04  Marine  
  44  5:05  SCV  
  46  5:09  Siege Tank  
  52  5:18  Command Center  
  47  5:36  Liberator  
  47  5:41  Siege Tank  
  47  5:42  SCV  
  46  5:54  SCV  
  49  6:13  Siege Tank  
  52  6:24  Command Center  
  45  6:40  Orbital Command  
  45  6:44  Marine  
  45  6:46  Refinery  
  46  6:49  Starport Reactor  
  46  6:52  Factory x2  
  46  6:54  SCV, Refinery  
  47  7:03  Siege Tank, Refinery  
  47  7:04  Refinery  
  47  7:06  SCV  
  51  7:12  Missile Turret  
  51  7:16  SCV  
  51  7:18  SCV  
  50  7:33  SCV x2  
  56  7:40  Missile Turret  
  56  7:41  Missile Turret  
Show
View Real Time Build Order
Export as new Build Order

Apogee Terran - Winner!

Build Orders:  

Get SALT Encoding   

  12  0:01  SCV  
  13  0:13  SCV  
  14  0:28  SCV  
  15  0:29  Supply Depot  
  15  0:35  Refinery  
  15  0:50  SCV  
  15  0:52  Barracks  
  16  1:03  SCV  
  17  1:15  SCV  
  18  1:30  Command Center  
  18  1:40  Orbital Command  
  18  1:45  Barracks Reactor  
  18  1:56  Factory  
  18  2:03  Refinery  
  18  2:08  SCV  
  19  2:20  SCV  
  19  2:21  Marine  
  19  2:22  Marine  
  22  2:32  SCV  
  23  2:41  Starport, Marine x2  
  25  2:45  SCV  
  25  2:49  Orbital Command  
  26  2:52  Factory Tech Lab  
  26  2:58  SCV  
  27  3:01  Marine x2  
  29  3:07  Orbital Command  
  29  3:11  SCV  
  30  3:13  Siege Tank  
  33  3:22  Medivac  
  33  3:24  SCV  
  36  3:29  Supply Depot  
  36  3:35  SCV  
  36  3:40  Marine  
  38  3:44  Supply Depot  
  38  3:51  Siege Tank, Marine  
  38  3:53  SCV  
  38  3:54  SCV  
  44  4:01  Medivac  
  46  4:08  SCV x2  
  48  4:13  Supply Depot  
  48  4:20  SCV  
  47  4:35  Marine x2  
  47  4:37  Viking  
  47  4:38  Widow Mine  
  47  4:43  Engineering Bay  
  41  5:10  Missile Turret  
  39  5:14  Missile Turret  
  34  5:28  Missile Turret  
  34  5:35  SCV  
  35  5:36  SCV  
  36  5:58  SCV x2  
  36  6:00  Marine  
  36  6:01  Siege Tank, Marine  
  36  6:02  Medivac  
  45  6:06  Barracks  
  45  6:08  Barracks  
  45  6:10  SCV x2  
  47  6:18  Refinery  
  47  6:22  SCV  
  43  6:38  Siege Tank, Marine x2  
  45  6:40  SCV, Medivac  
  45  6:43  SCV  
  49  6:55  SCV  
  49  6:56  Barracks Reactor, Barracks Tech Lab  
  49  6:58  SCV  
  51  7:03  Marine x2  
  51  7:07  SCV  
  54  7:10  SCV  
Tags
 
Add a new tag
Caveats
  • Supply blocks, unpowered buildings, or Contaminate may cause inaccurate times.
  • Supply counts are checked every 10 seconds.